 Dungeon Crawl Stone Soup version 0.30-a0-168-g0b976cbdc4 (webtiles) character file.

Game seed: 1849226536043628332

18004 qw the Cleaver (level 12, -2/77 HPs)
             Began as a Gargoyle Fighter on Sept 29, 2022.
             Was the Champion of Okawaru.
             Slain by a naga
             ... wielding a +0 halberd
              (3 damage)
             ... on level 3 of the Lair of Beasts.
             The game lasted 00:05:09 (13698 turns).

qw the Cleaver (Gargoyle Fighter)                  Turns: 13698, Time: 00:05:09

Health: -2/77      AC: 27    Str: 26    XL:     12   Next: 53%
Magic:  19/19      EV:  9    Int:  8    God:    Okawaru [******]
Gold:   495        SH: 12    Dex: 15    Spells: 11/11 levels left

rFire   + + .      SeeInvis .    Y - +1 broad axe
rCold   + . .      Faith    .    c - +0 buckler
rNeg    + . .      Spirit   .    h - +0 chain mail
rPois   inf        Reflect  +    j - +1 helmet
rElec   +          Harm     .    u - scarf {rC+ rF+}
rCorr   .          Rampage  .    (no gloves)
Will    .....                    f - +2 pair of boots
Stlth   ..........               g - amulet of reflection
HPRegen 0.22/turn                i - ring of protection from fire
MPRegen 0.16/turn                s - +6 ring of dexterity

@: heroic, constricted
A: sickness immunity, AC +8, negative energy resistance 1, electricity
resistance, torment resistance 1, petrification resistance, talons 1,
deterioration 1
a: Renounce Religion, Heroism, Finesse, Duel


You were on level 3 of the Lair of Beasts.
You worshipped Okawaru.
Okawaru was exalted by your worship.
You visited 3 branches of the dungeon, and saw 14 of its levels.

You collected 655 gold pieces.
You spent 160 gold pieces at shops.


Innate Abilities, Weirdness & Mutations

You are immune to sickness and miasma.
Your stone body is resilient. (AC +8)
You are immune to poison.
You resist negative energy. (rN+)
You are resistant to electric shocks. (rElec)
You are resistant to unholy torment.
You are immune to petrification.
You have sharp toenails.
Your body sometimes deteriorates upon taking damage.


   Skills:
 - Level 10.0(15.0) Fighting
 + Level 12.5(17.5) Axes
 - Level 1.1(6.1) Throwing
 - Level 7.3(12.3) Armour
 - Level 3.2(8.2) Dodging
 - Level 6.0(11.0) Shields
 - Level 10.0 Invocations


You had 11 spell levels left.
You didn't know any spells.
Your spell library was empty.

Inventory:

Hand Weapons
 e - the +0 mace of Tentacled Honour {drain, *Noise +Blink rCorr SInv}
   (You found it on level 6 of the Dungeon)

   A truly terrible weapon, it drains the life of any living foe it strikes.
   SInv:      It lets you see invisible.
   +Blink:    It lets you blink.
   *Noise:    It may make noises in combat.
   rCorr:     It protects you from acid and corrosion.
 q - a +0 morningstar
 Y - a +1 broad axe (weapon)
Missiles
 o - 6 boomerangs (quivered)
Armour
 c - a +0 buckler (worn)
 f - a +2 pair of boots (worn)
 h - a +0 chain mail (worn)
 j - a +1 helmet (worn)
 u - a scarf of resistance (worn)
Jewellery
 g - an amulet of reflection (around neck)
 i - a ring of protection from fire (left hand)
 s - a +6 ring of dexterity (right hand)
 w - a ring of ice
 x - a +6 ring of strength
Scrolls
 m - 3 scrolls of identify
Potions
 a - a potion of resistance
 b - 5 potions of lignification
 d - 5 potions of might
 k - 12 potions of curing
 l - a potion of magic
 n - 2 potions of mutation
 r - 3 potions of attraction
 t - a potion of cancellation
 v - a potion of haste

Dungeon Overview and Level Annotations

Branches:
Dungeon (10/15)            Temple (1/1) D:4            Lair (3/5) D:10
  Swamp: Lair:2-3    Shoals: Lair:2-3     Snake: Lair:2-3    Spider: Lair:2-3
    Orc: D:9-12

Altars:
Ashenzari
Cheibriados
Dithmenos
Elyvilon
Fedhas
Gozag
Hepliaklqana
Kikubaaqudgha
Makhleb
Nemelex Xobeh
Okawaru
Qazlal
Ru
Sif Muna
Trog
Uskayaw
Vehumet
Wu Jian
Xom
Yredelemnul
Zin
The Shining One

Shops:
D:3 *   D:4 =!(

Annotations:
D:7 1 runed translucent door, Crazy Yiuf


Message History

A naga comes into view. It is wielding a +0 short sword.
The naga barely misses you.
You feel your dexterity returning.
You barely miss the naga. You block the orange demon's attack.
The naga barely misses you.
You hit the naga.
The naga is lightly wounded.
You block the naga's attack. The naga barely misses you.
The orange demon barely misses you.
You slash the naga!
The naga is severely wounded.
You block the naga's attack. x2; The naga grabs you.
The naga constricts you.
The orange demon stings you but does no damage.
You hit the naga.
The naga is almost dead.
The naga hits you but does no damage. The naga barely misses you.
The naga constricts you.
You hit the naga but do no damage.
The naga is almost dead.
The orange demon barely misses you. You block the naga's attack.
You hit the naga.
You kill the naga!
Okawaru accepts your kill.
The orange demon stings you but does no damage.
The naga hits you but does no damage. You block the naga's attack.
The orange demon stings you from afar.
Things that are here:
a +0 short sword; a naga corpse; a cane toad corpse You closely miss the naga.
You block the naga's attack. The naga grabs you. The naga constricts you.
You block the orange demon's attack.
You barely miss the naga. The naga spits poison at you.
The splash of poison hits you but does no damage.
You resist. The naga constricts you.
The orange demon stings you but does no damage.
You hit the naga.
The naga is lightly wounded.
The naga hits you with a +0 halberd.
You die...

...............
...<..............
...%...............
...................
................^#
.#..............#
#..###..........###
#### ##.P.......#[##
#P........N@).#
###..#.......4#
......
#####.......#####
..... #..%......#.#
P.... #..........###
#....
###..........##
#.... #.#.........##
P...
##...........####...
####......4..#P....


You could see an orange demon (curare) and a naga (catching breath).

Vanquished Creatures
  Gastronok (Lair:1)
  Harold (Lair:1)
  Fannar (Lair:2)
  A two-headed ogre (D:10)
  Amaemon (Lair:3)
  Pikel (D:8)
  2 black mambas
  3 cane toads
  A gargoyle (D:7)
  A kobold demonologist (D:10)
  2 komodo dragons
  3 trolls
  4 dream sheep (Lair:3)
  12 blink frogs
  5 wyverns
  15 yaks
  A basilisk (D:10)
  A naga (Lair:3)
  8 water moccasins
  A sky beast (D:6)
  3 black bears
  3 orc warriors
  An ogre (D:6)
  2 centaurs
  A lemure (D:8)
  2 phantoms
  2 kobold brigands
  6 bullfrogs
  2 necrophages
  5 scorpions
  13 wights
  4 killer bees
  2 howler monkeys
  3 electric eels (D:8)
  3 hounds
  3 jellies
  2 orc priests (D:5)
  2 gnoll boudas
  8 iguanas
  8 orc wizards
  11 gnolls
  9 adders
  2 shadow imps
  3 white imps (D:5)
  An ufetubus (D:7)
  A worm (D:4)
  30 orcs
  5 ball pythons
  5 bats
  12 endoplasms
  3 goblins
  4 hobgoblins
  4 jackals (D:5)
  5 quokkas
  2 frilled lizards (D:2)
  13 kobolds
  A rat (D:1)
251 creatures vanquished.

Vanquished Creatures (others)
  An orc wizard (D:8)
  7 fungi
  34 plants
42 creatures vanquished.

Grand Total: 293 creatures vanquished

Notes
Turn   | Place    | Note
-------+----------+-------------------------------------------
     0 | D:1      | qw the Gargoyle Fighter began the quest for the Orb.
     0 | D:1      | Reached XP level 1. HP: 14/14 MP: 1/1
     0 | D:1      | 0 ||| qw: Version: 0.2-a-12-gaebbb33
     0 | D:1      | 0 ||| qw: Game counter: 1112
     0 | D:1      | 0 ||| qw: Always use a shield: true
     0 | D:1      | 0 ||| qw: God list: Okawaru
     0 | D:1      | 0 ||| qw: Allow faded altars: false
     0 | D:1      | 0 ||| qw: Do Orc after D:15 true
     0 | D:1      | 0 ||| qw: Do second Lair branch before Depths: true
     0 | D:1      | 0 ||| qw: Lair rune preference: random
     0 | D:1      | 0 ||| qw: Plans: Normal, Zot:1-4, God:TSO, Crypt, Tomb,
                  | Pan, Slime:5, Hells, Abyss, Orb
     0 | D:1      | 0 ||| PLANNING D:1-11
   222 | D:1      | Found a faded altar of an unknown god.
   317 | D:1      | Reached skill level 2 in Axes
   329 | D:1      | HP: 2/14 [frozen (4)]
   331 | D:1      | Reached XP level 2. HP: 3/19 MP: 2/2
   941 | D:1      | 941 ||| UPGRADING to +2 pair of boots.
   946 | D:1      | 946 ||| UPGRADING to amulet of reflection.
  1067 | D:2      | 1067 ||| DROPPING +0 club.
  1137 | D:2      | 1137 ||| DROPPING +0 mace.
  1182 | D:2      | Reached skill level 3 in Axes
  1220 | D:2      | 1220 ||| Stepping ~*~*~tactically~*~*~ (stealth).
  1332 | D:2      | Reached XP level 3. HP: 23/23 MP: 3/3
  1612 | D:2      | 1612 ||| UPGRADING to +0 chain mail.
  1622 | D:2      | 1622 ||| DROPPING +0 scale mail.
  1623 | D:2      | 1623 ||| UPGRADING to +0 helmet.
  1628 | D:2      | 1628 ||| READING scroll labelled GYANIE MAIR.
  1629 | D:2      | 1629 ||| READING scroll labelled UTIROL ENAYPLI.
  1630 | D:2      | 1630 ||| DRINKING 2 green potions.
  1936 | D:3      | Found Tiogan's General Store.
  1944 | D:3      | 1944 ||| Stepping ~*~*~tactically~*~*~ (stealth).
  1951 | D:3      | 1951 ||| Stepping ~*~*~tactically~*~*~ (stealth).
  1974 | D:3      | 1974 ||| BUYING potion of curing (33 gold).
  1974 | D:3      | Bought a potion of curing for 33 gold pieces
  1974 | D:3      | 1974 ||| BUYING potion of curing (33 gold).
  1974 | D:3      | Bought a potion of curing for 33 gold pieces
  1974 | D:3      | 1974 ||| BUYING potion of heal wounds (55 gold).
  1974 | D:3      | Bought a potion of heal wounds for 55 gold pieces
  1974 | D:3      | 1974 ||| SHOPLISTING potion of might (44 gold, have 27).
  2316 | D:3      | 2316 ||| Stepping ~*~*~tactically~*~*~ (stealth).
  2317 | D:3      | 2317 ||| Stepping ~*~*~tactically~*~*~ (stealth).
  2318 | D:3      | 2318 ||| Stepping ~*~*~tactically~*~*~ (stealth).
  2467 | D:3      | Reached XP level 4. HP: 28/28 MP: 4/4
  2561 | D:3      | 2561 ||| READING 2 scrolls labelled MODGHA IZYE.
  2562 | D:3      | 2562 ||| READING scroll labelled NUREIN WUAVUPN.
  2563 | D:3      | 2563 ||| READING scroll labelled LOUHUOM GUELYM.
  2564 | D:3      | 2564 ||| READING scroll labelled TODALEUZXA.
  2565 | D:3      | 2565 ||| READING scroll labelled OHUTO KEPEAR.
  2566 | D:3      | 2566 ||| DRINKING 2 metallic dark potions.
  2567 | D:3      | 2567 ||| READING 3 scrolls of identify.
  2567 | D:3      | 2567 ||| IDENTIFYING fizzy black potion
  2568 | D:3      | 2568 ||| READING 2 scrolls of identify.
  2568 | D:3      | 2568 ||| IDENTIFYING sedimented silvery potion
  2569 | D:3      | 2569 ||| DROPPING scroll of immolation.
  2570 | D:3      | 2570 ||| DROPPING potion of invisibility.
  2571 | D:3      | 2571 ||| DROPPING potion of degeneration.
  2601 | D:4      | Found a staircase to the Ecumenical Temple.
  2602 | D:4      | 2602 ||| PLANNING TEMPLE
  2602 | D:4      | 2602 ||| STAIRDANCE
  2619 | Temple   | Entered the Ecumenical Temple
  2637 | Temple   | 2637 ||| PLANNING OKAWARU WORSHIP
  2808 | Temple   | Became a worshipper of Warmaster Okawaru
  2809 | Temple   | 2809 ||| PLANNING D:1-11
  2882 | D:4      | Found a faded altar of an unknown god.
  2882 | D:4      | Found the Hermit's Pendant {Faith Invo=14 Evo=0 MP+5}
  2900 | D:4      | Reached skill level 4 in Axes
  3079 | D:4      | 3079 ||| Stepping ~*~*~tactically~*~*~ (stealth).
  3080 | D:4      | Noticed a black bear
  3095 | D:4      | Killed a black bear
  3095 | D:4      | Reached * piety under Okawaru
  3096 | D:4      | Reached skill level 5 in Axes
  3096 | D:4      | Reached XP level 5. HP: 29/32 MP: 5/5
  3098 | D:4      | 3098 ||| INVOKING Heroism.
  3112 | D:4      | Reached XP level 6. HP: 23/38 MP: 4/6
  3112 | D:4      | 3112 ||| FLEEEEING.
  3113 | D:4      | 3113 ||| FLEEEEING.
  3114 | D:4      | 3114 ||| FLEEEEING.
  3115 | D:4      | 3115 ||| FLEEEEING.
  3116 | D:4      | 3116 ||| FLEEEEING.
  3117 | D:4      | 3117 ||| FLEEEEING.
  3118 | D:4      | 3118 ||| FLEEEEING.
  3119 | D:4      | 3119 ||| FLEEEEING.
  3120 | D:4      | 3120 ||| FLEEEEING.
  3121 | D:4      | 3121 ||| FLEEEEING.
  3122 | D:4      | 3122 ||| FLEEEEING.
  3123 | D:4      | 3123 ||| FLEEEEING.
  3124 | D:4      | 3124 ||| FLEEEEING.
  3129 | D:4      | 3129 ||| STAIRDANCE
  3247 | D:4      | 3247 ||| INVOKING Heroism.
  3479 | D:4      | Reached skill level 1 in Invocations
  3486 | D:4      | Found Xuwko's Weapon Emporium.
  3624 | D:4      | 3624 ||| INVOKING Heroism.
  3641 | D:4      | 3641 ||| INVOKING Heroism.
  3696 | D:4      | 3696 ||| INVOKING Heroism.
  3700 | D:4      | Reached XP level 7. HP: 43/43 MP: 5/9
  3734 | D:4      | Found Sannowe's Jewellery Emporium.
  3740 | D:4      | 3740 ||| SHOPLISTING +4 ring of evasion (360 gold, have
                  | 69).
  3740 | D:4      | 3740 ||| SHOPLISTING amulet of Tytyrot {Acrobat Rampage
                  | rElec rC- SInv} (412 gold, have 69).
  3740 | D:4      | 3740 ||| SHOPLISTING ring of Evvuoz {Will+ Str+4 Dex-2 SInv
                  | Stlth+} (346 gold, have 69).
  3740 | D:4      | 3740 ||| SHOPLISTING ring of positive energy (200 gold,
                  | have 69).
  3740 | D:4      | 3740 ||| SHOPLISTING ring of willpower (250 gold, have 69).
  3787 | D:4      | 3787 ||| INVOKING Heroism.
  3827 | D:4      | Found Boanel's Distillery.
  3836 | D:4      | 3836 ||| SHOPLISTING 2 potions of might (104 gold, have
                  | 85).
  3836 | D:4      | 3836 ||| BUYING potion of attraction (39 gold).
  3836 | D:4      | Bought a potion of attraction for 39 gold pieces
  3836 | D:4      | 3836 ||| SHOPLISTING potion of cancellation (104 gold, have
                  | 46).
  3836 | D:4      | 3836 ||| SHOPLISTING potion of heal wounds (65 gold, have
                  | 46).
  3836 | D:4      | 3836 ||| SHOPLISTING potion of might (52 gold, have 46).
  3962 | D:5      | Entered Level 5 of the Dungeon
  3999 | D:5      | 3999 ||| Stepping ~*~*~tactically~*~*~ (hiding).
  4004 | D:5      | 4004 ||| Stepping ~*~*~tactically~*~*~ (stealth).
  4008 | D:5      | 4008 ||| INVOKING Heroism.
  4011 | D:5      | Reached skill level 3 in Invocations
  4014 | D:5      | Reached skill level 6 in Axes
  4040 | D:5      | 4040 ||| FLEEEEING.
  4041 | D:5      | 4041 ||| FLEEEEING.
  4042 | D:5      | 4042 ||| FLEEEEING.
  4043 | D:5      | 4043 ||| FLEEEEING.
  4044 | D:5      | 4044 ||| FLEEEEING.
  4045 | D:5      | 4045 ||| FLEEEEING.
  4046 | D:5      | 4046 ||| FLEEEEING.
  4047 | D:5      | 4047 ||| FLEEEEING.
  4048 | D:5      | 4048 ||| FLEEEEING.
  4049 | D:5      | 4049 ||| FLEEEEING.
  4050 | D:5      | 4050 ||| FLEEEEING.
  4051 | D:5      | 4051 ||| FLEEEEING.
  4052 | D:5      | 4052 ||| FLEEEEING.
  4053 | D:5      | 4053 ||| FLEEEEING.
  4055 | D:5      | 4055 ||| FLEEEEING.
  4056 | D:5      | 4056 ||| FLEEEEING.
  4057 | D:5      | 4057 ||| FLEEEEING.
  4058 | D:5      | 4058 ||| FLEEEEING.
  4059 | D:5      | 4059 ||| FLEEEEING.
  4060 | D:5      | 4060 ||| FLEEEEING.
  4061 | D:5      | 4061 ||| FLEEEEING.
  4062 | D:5      | 4062 ||| FLEEEEING.
  4063 | D:5      | 4063 ||| FLEEEEING.
  4064 | D:5      | 4064 ||| STAIRDANCE
  4109 | D:5      | 4109 ||| INVOKING Heroism.
  4122 | D:5      | Reached skill level 1 in Dodging
  4135 | D:5      | 4135 ||| STAIRDANCE
  4225 | D:5      | 4225 ||| Stepping ~*~*~tactically~*~*~ (stealth).
  4226 | D:5      | 4226 ||| Stepping ~*~*~tactically~*~*~ (stealth).
  4230 | D:5      | 4230 ||| Stepping ~*~*~tactically~*~*~ (stealth).
  4231 | D:5      | 4231 ||| Stepping ~*~*~tactically~*~*~ (stealth).
  4233 | D:5      | 4233 ||| Stepping ~*~*~tactically~*~*~ (hiding).
  4238 | D:5      | 4238 ||| INVOKING Heroism.
  4318 | D:5      | 4318 ||| INVOKING Heroism.
  4363 | D:5      | 4363 ||| INVOKING Heroism.
  4376 | D:5      | 4376 ||| Stepping ~*~*~tactically~*~*~ (stealth).
  4383 | D:5      | 4383 ||| FLEEEEING.
  4384 | D:5      | 4384 ||| FLEEEEING.
  4385 | D:5      | 4385 ||| FLEEEEING.
  4386 | D:5      | 4386 ||| FLEEEEING.
  4387 | D:5      | 4387 ||| FLEEEEING.
  4388 | D:5      | 4388 ||| FLEEEEING.
  4397 | D:5      | 4397 ||| FLEEEEING.
  4403 | D:5      | 4403 ||| FLEEEEING.
  4404 | D:5      | 4404 ||| FLEEEEING.
  4405 | D:5      | 4405 ||| FLEEEEING.
  4406 | D:5      | 4406 ||| FLEEEEING.
  4407 | D:5      | 4407 ||| FLEEEEING.
  4408 | D:5      | 4408 ||| FLEEEEING.
  4409 | D:5      | 4409 ||| FLEEEEING.
  4410 | D:5      | 4410 ||| FLEEEEING.
  4411 | D:5      | 4411 ||| FLEEEEING.
  4412 | D:5      | 4412 ||| FLEEEEING.
  4413 | D:5      | 4413 ||| FLEEEEING.
  4414 | D:5      | 4414 ||| FLEEEEING.
  4415 | D:5      | 4415 ||| FLEEEEING.
  4416 | D:5      | 4416 ||| FLEEEEING.
  4417 | D:5      | 4417 ||| FLEEEEING.
  4418 | D:5      | 4418 ||| FLEEEEING.
  4419 | D:5      | 4419 ||| FLEEEEING.
  4420 | D:5      | 4420 ||| FLEEEEING.
  4421 | D:5      | 4421 ||| FLEEEEING.
  4422 | D:5      | 4422 ||| FLEEEEING.
  4423 | D:5      | 4423 ||| FLEEEEING.
  4424 | D:5      | 4424 ||| FLEEEEING.
  4425 | D:5      | 4425 ||| FLEEEEING.
  4426 | D:5      | 4426 ||| FLEEEEING.
  4436 | D:5      | 4436 ||| STAIRDANCE
  4476 | D:4      | 4476 ||| UPGRADING to ring of protection from fire.
  4477 | D:4      | 4477 ||| READING scroll labelled XUHUOS ANELY.
  4506 | D:5      | 4506 ||| Stepping ~*~*~tactically~*~*~ (hiding).
  4508 | D:5      | 4508 ||| INVOKING Heroism.
  4513 | D:5      | 4513 ||| Stepping ~*~*~tactically~*~*~ (hiding).
  4518 | D:5      | HP: 5/43 [orc priest/divine providence (12)]
  4519 | D:5      | 4519 ||| DRINKING 2 potions of heal wounds.
  4523 | D:5      | Reached XP level 8. HP: 20/48 MP: 9/11
  4532 | D:5      | Reached skill level 7 in Axes
  4535 | D:5      | 4535 ||| INVOKING Heroism.
  4637 | D:5      | 4637 ||| Stepping ~*~*~tactically~*~*~ (stealth).
  4744 | D:5      | 4744 ||| Stepping ~*~*~tactically~*~*~ (stealth).
  4778 | D:5      | 4778 ||| Stepping ~*~*~tactically~*~*~ (stealth).
  4782 | D:5      | 4782 ||| Stepping ~*~*~tactically~*~*~ (stealth).
  4879 | D:5      | 4879 ||| Stepping ~*~*~tactically~*~*~ (stealth).
  4903 | D:5      | Reached ** piety under Okawaru
  4988 | D:5      | 4988 ||| INVOKING Heroism.
  5004 | D:5      | 5004 ||| DRINKING 5 potions of curing.
  5004 | D:5      | 5004 ||| (to cure confusion)
  5107 | D:5      | 5107 ||| INVOKING Heroism.
  5553 | D:5      | 5553 ||| READING scroll labelled OZOZEDA QYFE.
  5615 | D:5      | 5615 ||| READING 4 scrolls of identify.
  5615 | D:5      | 5615 ||| IDENTIFYING viscous ruby potion
  5616 | D:5      | 5616 ||| READING 3 scrolls of identify.
  5616 | D:5      | 5616 ||| IDENTIFYING fizzy orange potion
  5617 | D:5      | 5617 ||| READING 2 scrolls of identify.
  5617 | D:5      | 5617 ||| IDENTIFYING glowing yellow potion
  5618 | D:5      | 5618 ||| DROPPING potion of flight.
  5642 | D:6      | Identified the +0 leather armour of Doomed Happiness {rF+}
  5725 | D:6      | Found a burning altar of Makhleb.
  5731 | D:6      | 5731 ||| INVOKING Heroism.
  5817 | D:6      | Reached skill level 8 in Axes
  5818 | D:6      | 5818 ||| INVOKING Heroism.
  5918 | D:6      | 5918 ||| Stepping ~*~*~tactically~*~*~ (hiding).
  6011 | D:6      | Identified the +0 mace of Tentacled Honour {drain, *Noise
                  | +Blink rCorr SInv}
  6012 | D:6      | 6012 ||| INVOKING Heroism.
  6028 | D:6      | Reached skill level 6 in Fighting
  6028 | D:6      | Reached XP level 9. HP: 41/56 MP: 10/12
  6197 | D:6      | 6197 ||| INVOKING Heroism.
  6465 | D:6      | 6465 ||| READING scroll labelled KOWKEWN XIDY.
  6540 | D:7      | Noticed a gargoyle
  6548 | D:7      | Killed a gargoyle
  6549 | D:7      | Reached skill level 9 in Axes
  6647 | D:7      | Reached *** piety under Okawaru
  6806 | D:7      | Found a hazy altar of Hepliaklqana.
  6825 | D:7      | 6825 ||| SWAPPING to +0 broad axe.
  6858 | D:7      | 6858 ||| DROPPING +1 war axe.
  6924 | D:7      | 6924 ||| INVOKING Heroism.
  6983 | D:7      | 6983 ||| INVOKING Heroism.
  7070 | D:7      | 7070 ||| INVOKING Heroism.
  7162 | D:7      | Reached skill level 10 in Axes
  7332 | D:7      | Found a runed translucent door.
  7333 | D:7      | Noticed Crazy Yiuf
  7434 | D:7      | 7434 ||| UPGRADING to scarf of resistance.
  7439 | D:7      | 7439 ||| READING scroll labelled KUMOUL YWNOUHA.
  7440 | D:7      | 7440 ||| READING 2 scrolls of identify.
  7440 | D:7      | 7440 ||| IDENTIFYING murky orange potion
  7477 | D:8      | 7477 ||| Stepping ~*~*~tactically~*~*~ (hiding).
  7682 | D:8      | 7682 ||| INVOKING Heroism.
  7856 | D:8      | 7856 ||| INVOKING Heroism.
  7869 | D:8      | Reached XP level 10. HP: 64/64 MP: 11/13
  7887 | D:8      | Noticed Pikel
  7896 | D:8      | 7896 ||| INVOKING Heroism.
  7906 | D:8      | Killed Pikel
  8106 | D:8      | 8106 ||| INVOKING Heroism.
  8127 | D:8      | 8127 ||| INVOKING Heroism.
  8246 | D:8      | 8246 ||| Stepping ~*~*~tactically~*~*~ (hiding).
  8347 | D:8      | 8347 ||| INVOKING Heroism.
  8630 | D:8      | 8630 ||| INVOKING Heroism.
  8837 | D:8      | 8837 ||| DROPPING ring of magical power.
  8939 | D:9      | Found a basalt altar of Yredelemnul.
  8978 | D:9      | 8978 ||| Stepping ~*~*~tactically~*~*~ (stealth).
  8980 | D:9      | 8980 ||| Stepping ~*~*~tactically~*~*~ (hiding).
  8984 | D:9      | 8984 ||| Stepping ~*~*~tactically~*~*~ (hiding).
  8989 | D:9      | 8989 ||| INVOKING Heroism.
  9073 | D:9      | 9073 ||| Stepping ~*~*~tactically~*~*~ (stealth).
  9075 | D:9      | 9075 ||| INVOKING Heroism.
  9081 | D:9      | Reached skill level 6 in Armour
  9285 | D:9      | 9285 ||| INVOKING Heroism.
  9647 | D:9      | 9647 ||| UPGRADING to +6 ring of dexterity.
  9648 | D:9      | 9648 ||| READING scroll labelled QOOKYT BEOSOIW.
  9649 | D:9      | 9649 ||| DRINKING 2 fuming orange potions.
  9649 | D:9      | Gained mutation: Your body sometimes deteriorates upon
                  | taking damage. [potion of mutation]
  9649 | D:9      | Gained mutation: You have sharp toenails. [potion of
                  | mutation]
  9707 | D:10     | Entered Level 10 of the Dungeon
  9708 | D:10     | 9708 ||| INVOKING Heroism.
  9743 | D:10     | Found a radiant altar of Vehumet.
  9748 | D:10     | Found a glowing golden altar of the Shining One.
  9750 | D:10     | 9750 ||| DRINKING 8 potions of curing.
  9750 | D:10     | 9750 ||| (to cure confusion)
  9754 | D:10     | 9754 ||| INVOKING Heroism.
  9783 | D:10     | 9783 ||| READING scroll of enchant weapon.
  9783 | D:10     | 9783 ||| ENCHANTING +0 broad axe.
  9790 | D:10     | Noticed a two-headed ogre
  9791 | D:10     | 9791 ||| INVOKING Heroism.
  9797 | D:10     | Killed a two-headed ogre
  9798 | D:10     | Reached skill level 11 in Axes
  9894 | D:10     | Reached skill level 3 in Dodging
  9894 | D:10     | Reached XP level 11. HP: 61/69 MP: 14/14
  9899 | D:10     | Reached **** piety under Okawaru
  9900 | D:10     | Reached skill level 9 in Fighting
 10071 | D:10     | 10071 ||| Stepping ~*~*~tactically~*~*~ (hiding).
 10284 | D:10     | 10284 ||| INVOKING Heroism.
 10288 | D:10     | 10288 ||| Stepping ~*~*~tactically~*~*~ (stealth).
 10333 | D:10     | 10333 ||| FLEEEEING.
 10367 | D:10     | 10367 ||| FLEEEEING.
 10368 | D:10     | 10368 ||| FLEEEEING.
 10369 | D:10     | 10369 ||| FLEEEEING.
 10370 | D:10     | 10370 ||| FLEEEEING.
 10371 | D:10     | 10371 ||| FLEEEEING.
 10372 | D:10     | 10372 ||| STAIRDANCE
 10425 | D:9      | 10425 ||| READING scroll labelled PEOWKI JOIHAAL.
 10438 | D:10     | 10438 ||| STAIRDANCE
 10500 | D:10     | 10500 ||| INVOKING Heroism.
 10535 | D:10     | 10535 ||| FLEEEEING.
 10536 | D:10     | 10536 ||| FLEEEEING.
 10537 | D:10     | 10537 ||| FLEEEEING.
 10542 | D:10     | 10542 ||| STAIRDANCE
 10660 | D:10     | Found a staircase to the Lair.
 10720 | D:10     | 10720 ||| Stepping ~*~*~tactically~*~*~ (stealth).
 10747 | D:10     | 10747 ||| INVOKING Heroism.
 10758 | D:10     | Reached skill level 6 in Invocations
 10815 | D:10     | Noticed a sun demon
 10819 | D:10     | Noticed a sun demon
 10819 | D:10     | 10819 ||| INVOKING Heroism.
 10821 | D:10     | HP: 6/71 [sun demon[a kobold demonologist] (13)]
 10821 | D:10     | HP: 2/71 [sun demon[a kobold demonologist] (4)]
 10822 | D:10     | 10822 ||| DRINKING 4 potions of heal wounds.
 10826 | D:10     | HP: 15/71 [kobold demonologist/+0 dagger (3)]
 10827 | D:10     | 10827 ||| DRINKING 3 potions of heal wounds.
 11042 | D:10     | 11042 ||| PLANNING LAIR
 11042 | D:10     | 11042 ||| READING scroll labelled COIL SITAXUTWAON.
 11046 | D:10     | 11046 ||| READING 2 scrolls of identify.
 11046 | D:10     | 11046 ||| IDENTIFYING red potion
 11047 | D:10     | 11047 ||| DROPPING potion of brilliance.
 11057 | Lair:1   | Entered Level 1 of the Lair of Beasts
 11211 | Lair:1   | 11211 ||| INVOKING Heroism.
 11233 | Lair:1   | Noticed Harold
 11234 | Lair:1   | 11234 ||| INVOKING Heroism.
 11248 | Lair:1   | Killed Harold
 11249 | Lair:1   | Reached skill level 12 in Axes
 11365 | Lair:1   | 11365 ||| DROPPING +0 flail.
 11406 | Lair:1   | 11406 ||| READING scroll of enchant armour.
 11406 | Lair:1   | 11406 ||| ENCHANTING +0 helmet.
 11426 | Lair:1   | 11426 ||| Stepping ~*~*~tactically~*~*~ (stealth).
 11427 | Lair:1   | 11427 ||| Stepping ~*~*~tactically~*~*~ (stealth).
 11428 | Lair:1   | 11428 ||| INVOKING Heroism.
 11451 | Lair:1   | Reached ***** piety under Okawaru
 11460 | Lair:1   | 11460 ||| INVOKING Heroism.
 11525 | Lair:1   | 11525 ||| INVOKING Heroism.
 11865 | Lair:1   | 11865 ||| Stepping ~*~*~tactically~*~*~ (stealth).
 11866 | Lair:1   | 11866 ||| Stepping ~*~*~tactically~*~*~ (stealth).
 11868 | Lair:1   | 11868 ||| INVOKING Heroism.
 12021 | Lair:1   | 12021 ||| INVOKING Heroism.
 12062 | Lair:1   | Noticed Gastronok
 12063 | Lair:1   | 12063 ||| INVOKING Heroism.
 12080 | Lair:1   | Killed Gastronok
 12081 | Lair:1   | Reached XP level 12. HP: 44/76 MP: 18/18
 12270 | Lair:1   | Reached skill level 6 in Shields
 12352 | Lair:1   | 12352 ||| DROPPING scarf of invisibility.
 12353 | Lair:1   | 12353 ||| READING 4 scrolls of identify.
 12353 | Lair:1   | 12353 ||| IDENTIFYING murky pink potion
 12354 | Lair:1   | 12354 ||| READING 3 scrolls of identify.
 12354 | Lair:1   | 12354 ||| IDENTIFYING bubbling emerald potion
 12728 | Lair:2   | Reached skill level 9 in Invocations
 12778 | Lair:2   | Reached skill level 1 in Throwing
 12990 | Lair:2   | Noticed Fannar
 13004 | Lair:2   | 13004 ||| INVOKING Heroism.
 13007 | Lair:2   | Killed Fannar
 13410 | Lair:3   | 13410 ||| STAIRDANCE
 13436 | Lair:3   | 13436 ||| INVOKING Heroism.
 13596 | Lair:3   | 13596 ||| INVOKING Heroism.
 13642 | Lair:3   | 13642 ||| FLEEEEING.
 13643 | Lair:3   | 13643 ||| FLEEEEING.
 13644 | Lair:3   | 13644 ||| FLEEEEING.
 13645 | Lair:3   | 13645 ||| FLEEEEING.
 13646 | Lair:3   | 13646 ||| FLEEEEING.
 13647 | Lair:3   | 13647 ||| FLEEEEING.
 13648 | Lair:3   | 13648 ||| FLEEEEING.
 13649 | Lair:3   | 13649 ||| FLEEEEING.
 13650 | Lair:3   | 13650 ||| FLEEEEING.
 13651 | Lair:3   | 13651 ||| FLEEEEING.
 13652 | Lair:3   | 13652 ||| FLEEEEING.
 13653 | Lair:3   | 13653 ||| FLEEEEING.
 13654 | Lair:3   | 13654 ||| FLEEEEING.
 13655 | Lair:3   | 13655 ||| Stepping ~*~*~tactically~*~*~ (hiding).
 13658 | Lair:3   | 13658 ||| Stepping ~*~*~tactically~*~*~ (hiding).
 13662 | Lair:3   | 13662 ||| INVOKING Heroism.
 13662 | Lair:3   | Noticed Amaemon
 13677 | Lair:3   | HP: 16/77 [Amaemon/+1 demon whip of venom (10)]
 13678 | Lair:3   | 13678 ||| DRINKING 2 potions of heal wounds.
 13679 | Lair:3   | 13679 ||| DRINKING potion of heal wounds.
 13684 | Lair:3   | Killed Amaemon
 13684 | Lair:3   | Reached ****** piety under Okawaru
 13684 | Lair:3   | Identified the +3 scale mail "Amoxty Duir" {rPois rF- rC-
                  | Int+8} (Okawaru gifted it to you on level 3 of the Lair of
                  | Beasts)
 13684 | Lair:3   | Received a gift from Okawaru
 13687 | Lair:3   | HP: 17/77 [naga/+0 halberd (9)]
 13692 | Lair:3   | HP: 10/77 [constriction (4)]
 13697 | Lair:3   | HP: 1/77 [constriction (4)]
 13698 | Lair:3   | Slain by a naga

Levels and vault maps discovered:
D:1:      minmay_arrival_hallway, layout_basic,
          ebering_ecumenical_altar_abandoned, st_stairs_2
D:2:      layout_basic
D:3:      layout_loops_cross, serial_shops, shop, minmay_misc_feat_tiny
D:4:      layout_basic, minmay_temple_entry_arrows, serial_shops,
          kennysheep_mini, shop_fountains, shop, hellmonk_guarded_unrand_hermit
D:5:      layout_basic, minmay_fractal_squares_5
D:6:      layout_rooms, lemuel_crystal_altar
D:7:      layout_basic, lemuel_round_altar, minmay_quadrilaterals,
          uniq_crazy_yiuf_cottage
D:8:      layout_basic, serial_bayou_lagoon_b, uniq_pikel
D:9:      layout_long_grid, yredelemnul_altar_generic
D:10:     layout_gridville, mainiacjoe_overflow_large_starburst,
          minmay_lair_entry_grove
Temple:   bh_familiar_temple
Lair:1:   layout_misc_corridors, dreamdust_gnoll_shepherd, uniq_prince_ribbit2,
          uniq_harold, uniq_gastronok
Lair:2:   layout_cellular_growth, uniq_fannar
Lair:3:   layout_hall_layers, minmay_swamp_entry_reptiles,
          minmay_snake_entry_guardpost_small, wad_woods_03, uniq_amaemon

Skill      XL: |  1  2  3  4  5  6  7  8  9 10 11 12 |
---------------+-------------------------------------+-----
Axes           | 2 3 5 6 8 10 11 12 | 12.5
Fighting       | 4 6 7 8 9 10 | 10.0
Invocations    | 2 4 8 10 | 10.0
Dodging        | 1 3 |  3.2
Armour         | 4 5 6 7 |  7.3
Shields        | 4 5 6 |  6.0
Throwing       | 1 |  1.1

Action                   |  1- 3 |  4- 6 |  7- 9 | 10-12 || total
-------------------------+-------+-------+-------+-------++-------
Melee: War axe           |    87 |   103 |   295 |       ||   485
       Broad axe         |       |       |    61 |   481 ||   542
Throw: Boomerang         |    20 |       |       |    11 ||    31
Invok: Heroism           |       |     5 |    19 |    27 ||    51
  Use: Scroll            |     2 |     7 |     8 |     8 ||    25
       Potion            |     1 |     1 |     2 |     6 ||    10
 Stab: Held in net/web   |       |       |       |     2 ||     2
Armor: Scale mail        |    28 |       |       |       ||    28
       Chain mail        |    18 |    54 |   158 |   226 ||   456
Dodge: Dodged            |    20 |    29 |    80 |   154 ||   283
Block: Buckler           |    28 |    42 |   147 |   257 ||   474
       Reflection        |     2 |       |     4 |     5 ||    11

Table legend:
 A = Non-vault XP
 B = Vault XP
 C = Vault XP percentage of total XP
 D = Non-vault monster count
 E = Vault monster count
 F = Vault count percentage of total count
                 A         B        C        D         E       F
            +---------+---------+-------+---------+---------+-------
      Total |   16526 |    9194 |  35.7 |     211 |      40 |  15.9
            +---------+---------+-------+---------+---------+-------
        D:1 |      21 |       1 |   4.5 |      12 |       1 |   7.7
        D:2 |      20 |       0 |   0.0 |      12 |       0 |   0.0
        D:3 |      41 |       0 |   0.0 |       9 |       0 |   0.0
        D:4 |     488 |      63 |  11.4 |      26 |       1 |   3.7
        D:5 |     472 |     537 |  53.2 |      28 |      10 |  26.3
        D:6 |    1379 |       0 |   0.0 |      21 |       0 |   0.0
        D:7 |    1307 |     128 |   8.9 |      22 |       2 |   8.3
        D:8 |     941 |     663 |  41.3 |      21 |       1 |   4.5
        D:9 |    1530 |       0 |   0.0 |      14 |       0 |   0.0
       D:10 |    2948 |    2180 |  42.5 |      18 |      13 |  41.9
     Lair:1 |    2514 |    3820 |  60.3 |      11 |       9 |  45.0
     Lair:2 |    1264 |     891 |  41.3 |       5 |       1 |  16.7
     Lair:3 |    3601 |     911 |  20.2 |      12 |       2 |  14.3
            +---------+---------+-------+---------+---------+-------
